 Dungeon Crawl Stone Soup version 0.30-a0-540-g0af01429fa (webtiles) character file.

Game seed: 14560788864106039797

379 arthad the Digger (level 6, -1/32 HPs)
             Began as a Gargoyle Earth Elementalist on Dec 25, 2022.
             Was a Believer of Cheibriados.
             Slain by Pikel
             ... wielding a +1 whip of freezing
              (2 damage)
             ... on level 4 of the Dungeon.
             The game lasted 00:07:20 (3772 turns).

arthad the Digger (Gargoyle Earth Elementalist)     Turns: 3772, Time: 00:07:21

Health: -1/32      AC: 15    Str: 17    XL:     6   Next: 74%
Magic:  5/11       EV: 11    Int: 22    God:    Cheibriados [**....]
Gold:   37         SH:  0    Dex: 15    Spells: 8/12 levels left

rFire   + . .      SeeInvis .    c - +0 trident (venom)
rCold   . . .      Faith    .    (no shield)
rNeg    + . .      Spirit   .    d - +1 ring mail {rF+}
rPois   ∞          Reflect  .    t - +0 helmet
rElec   +          Harm     .    (no cloak)
rCorr   +          Rampage  .    y - +2 pair of gloves {Stlth+}
Will    .....                    (no boots)
Stlth   +++                      (no amulet)
HPRegen 0.25/turn                q - ring of resist corrosion
MPRegen 0.12/turn                (no ring)

@: very slow
A: sickness immunity, AC +4, negative energy resistance 1, electricity
resistance, torment resistance 1, petrification resistance
a: Renounce Religion, Bend Time


You were on level 4 of the Dungeon.
You worshipped Cheibriados.
Cheibriados was pleased with you.
You visited 1 branch of the dungeon, and saw 4 of its levels.

You collected 295 gold pieces.
You spent 258 gold pieces at shops.

Inventory:

Hand Weapons
 c - a +0 trident of venom (weapon)
Armour
 d - a +1 ring mail of fire resistance (worn)
 h - a +0 buckler
 t - a +0 helmet (worn)
 y - a +2 pair of gloves of stealth (worn)
Magical Staves
 v - a staff of death
Jewellery
 q - a ring of resist corrosion (left hand)
Wands
 k - a wand of flame (1)
Scrolls
 e - 2 scrolls of identify {unknown}
 f - 2 scrolls of immolation {unknown}
 i - a scroll of brand weapon {unknown}
 l - a scroll of enchant armour {unknown}
 m - a scroll of vulnerability {unknown}
 o - a scroll of acquirement {unknown}
 r - a scroll of amnesia {unknown}
 w - a scroll of teleportation {unknown}
 x - a scroll of poison
Potions
 b - a potion of magic
 g - 2 potions of mutation {unknown}
 n - a potion of curing {unknown}
 p - a potion of might {unknown}
 s - a potion of lignification {unknown}
 u - a potion of attraction {unknown}


   Skills:
 + Level 2.0 Armour
 + Level 2.5 Dodging
 + Level 3.4 Stealth
 * Level 3.8 Spellcasting
 * Level 1.1 Conjurations
 - Level 0.7 Transmutations
 * Level 5.5 Earth Magic
 + Level 0.6 Invocations


You had 8 spell levels left.
You knew the following spells:

 Your Spells              Type           Power      Damage    Failure   Level
a - Sandblast             Erth           56%        2d13      2%          1
b - Stone Arrow           Conj/Erth      36%        3d9       16%         3

Your spell library contained the following spells:

 Spells                   Type           Power      Damage    Failure   Level
 Passwall                 Tmut/Erth      14%        N/A       9%          2
 Petrify                  Tmut/Erth      17%        N/A       50%         4
 Summon Guardian Golem    Hex/Summ       4%         N/A       52%         3
 Orb of Destruction       Conj           4%         9d5       100%        7
 Spellforged Servitor     Conj/Summ      3%         N/A       100%        7


Dungeon Overview and Level Annotations

Branches:
Dungeon (4/15)
 Temple: D:4-7

Altars:
Cheibriados
Vehumet
Yredelemnul

Shops:
D:3 [

Annotations:
D:4 Pikel


Innate Abilities, Weirdness & Mutations

You are immune to sickness and miasma.
Your stone body is resilient. (AC +4)
You are immune to poison.
You resist negative energy. (rN+)
You are resistant to electric shocks. (rElec)
You are resistant to unholy torment.
You are immune to petrification.


Message History

You kill the goblin!
Cheibriados appreciates the change of pace.
The blast of sand hits the lemure.
The lemure is moderately wounded.
Pikel, Merchant of Souls comes into view.
He is wielding a +1 whip of freezing.
The blast of sand hits the lemure!
The lemure is severely wounded.
Pikel shouts!
You hear a shout!
The lemure hits you.
A lemure comes into view.
The blast of sand hits the lemure.
The lemure is severely wounded.
The lemure closely misses you. The lemure barely misses you.
You miscast Sandblast.
You are very lightly contaminated with residual magic.
Nothing appears to happen.
The lemure hits you.
The blast of sand hits the lemure.
The lemure is almost dead.
The lemure hits you but does no damage.
The blast of sand hits the lemure!
You kill the lemure!
That felt strangely unrewarding.
A lemure comes into view.
Pikel hits you with a +1 whip of freezing.
Pikel freezes you. The lemure hits you but does no damage.
Pikel hits you with a +1 whip of freezing!
Pikel freezes you.
Pikel hits you with a +1 whip of freezing.
* * * LOW HITPOINT WARNING * * *
Pikel freezes you.
* * * LOW HITPOINT WARNING * * *
The lemure hits you but does no damage. The lemure closely misses you.
Pikel closely misses you.
Your magical contamination has completely faded away.
Pikel attacks as you move away!
Pikel hits you with a +1 whip of freezing.
* * * LOW HITPOINT WARNING * * *
Pikel freezes you.
You die...

###...
#.....###
........#
.........
.......)#
........#
........###
........K.##
.###...@5.5#
#.......#....
#..#..<.##
... ##.#...##
#. #......
#........
#.........
............
.............


You could see Pikel and 2 lemures.

Vanquished Creatures
  Sigmund (D:2)
  A lemure (D:4)
  Terence (D:2)
  An orc wizard (D:3)
  Robin (D:3)
  3 gnolls
  3 adders
  A worm (D:3)
  4 dart slugs
  5 orcs (D:3)
  6 bats
  7 endoplasms
  3 giant cockroaches
  19 goblins
  8 hobgoblins
  2 jackals (D:2)
  5 kobolds
  3 quokkas
  5 ball pythons
  A frilled lizard (D:1)
  4 rats
84 creatures vanquished.

Notes
Turn   | Place    | Note
-------+----------+-------------------------------------------
     0 | D:1      | arthad the Gargoyle Earth Elementalist began the quest for
                  | the Orb.
     0 | D:1      | Reached XP level 1. HP: 10/10 MP: 3/3
   136 | D:1      | Reached XP level 2. HP: 15/15 MP: 3/5
   421 | D:1      | Reached skill level 4 in Earth Magic
   875 | D:1      | Reached XP level 3. HP: 19/19 MP: 4/6
  1658 | D:2      | Reached XP level 4. HP: 24/24 MP: 6/8
  1677 | D:2      | Found a faded altar of an unknown god.
  1695 | D:2      | Prayed at the altar of an unknown god.
  1695 | D:2      | Became a worshipper of Cheibriados the Contemplative
  1695 | D:2      | Reached * piety under Cheibriados
  1710 | D:2      | Noticed Sigmund
  1732 | D:2      | Killed Sigmund
  1733 | D:2      | Reached skill level 1 in Armour
  1733 | D:2      | Reached skill level 5 in Earth Magic
  1733 | D:2      | Reached XP level 5. HP: 16/28 MP: 4/10
  1803 | D:2      | Noticed Terence
  1819 | D:2      | Killed Terence
  1820 | D:2      | Reached XP level 6. HP: 7/32 MP: 0/11
  1911 | D:2      | Learned a level 3 spell: Stone Arrow
  2932 | D:3      | Found a basalt altar of Yredelemnul.
  2937 | D:3      | Found a radiant altar of Vehumet.
  2965 | D:3      | Noticed Robin
  2979 | D:3      | Reached ** piety under Cheibriados
  3012 | D:3      | Killed Robin
  3233 | D:3      | Reached skill level 1 in Conjurations
  3400 | D:3      | Found Siomapni's Armour Shop.
  3639 | D:3      | Bought a +2 pair of gloves of stealth for 258 gold pieces
  3764 | D:4      | Noticed Pikel
  3772 | D:4      | HP: 1/32 [Pikel/+1 whip of freezing (6)]
  3772 | D:4      | Slain by Pikel

Illustrated notes

Levels and vault maps discovered:
D:1:      evilmike_arrival_hilbert_curve, layout_basic, dk_noncrumbling_4
D:2:      layout_basic, hellmonk_ecumenical_altar_lost_god, uniq_sigmund,
          uniq_terence
D:3:      layout_basic, minitemple, serial_shops, shop_coins, grunt_decor_cap,
          nicolae_figureground_pulse, uniq_robin
D:4:      layout_cave_pools, nicolae_ru_sacrificial_ziggurat,
          minmay_strange_pillars, uniq_pikel

Skill      XL: |  1  2  3  4  5  6 |
---------------+-------------------+-----
Earth Magic    | 4 5 |  5.5
Dodging        | 2 |  2.5
Armour         | 1 2 |  2.0
Stealth        | 3 |  3.4
Spellcasting   | 3 |  3.8
Conjurations   | 1 |  1.1
Transmutations | |  0.7
Invocations    | |  0.6

Action                   |  1- 3 |  4- 6 || total
-------------------------+-------+-------++-------
Melee: Unarmed           |     1 |     4 ||     5
       Trident           |       |    34 ||    34
 Cast: Sandblast         |    47 |    72 ||   119
Evoke: Wand              |       |     6 ||     6
  Use: Scroll            |       |     1 ||     1
Armor: Ring mail         |     3 |    46 ||    49
Dodge: Dodged            |     4 |    59 ||    63

Table legend: (Time is in decaauts)
 A = Elapsed time spent in this place.
 B = Non-inter-level travel time spent in this place.
 C = Inter-level travel time spent in this place.
 D = Time resting spent in this place.
 E = Time spent auto-exploring this place.
 F = Levels seen in this place.
 G = Mean time per level.
                   A        B        C        D        E       F      G
               +--------+--------+--------+--------+--------+-----+--------+
         Total |   4458 |   4224 |    234 |    147 |   3498 |   4 | 1114.5 |
       Dungeon |   4458 |   4224 |    234 |    147 |   3498 |   4 | 1114.5 |
               +--------+--------+--------+--------+--------+-----+--------+

Top non-repeatable levels by time:
     D:3: 1819 daAuts
     D:2: 1442 daAuts
     D:1: 1176 daAuts
     D:4: 19 daAuts
